 Dungeon Sprint DCSS version 0.30-a0-170-g85af917532 (webtiles) character file.

Game seed: 793790737305672689

2615 rocky1 the Martial Artist (level 9, -7/120 HPs)
             Began as a White Draconian Monk on Oct 1, 2022.
             Was the Champion of Sif Muna.
             Mangled by a snapping turtle (20 damage)
             ... in the Dungeon (Sprint VII: "The Pits").
             The game lasted 00:07:11 (2124 turns).

rocky1 the Martial Artist (White Draconian Monk)    Turns: 2124, Time: 00:07:12

Health: -7/120     AC: 14    Str: 13    XL:     9   Next: 34%
Magic:  22/22      EV: 15    Int: 14    God:    Sif Muna [******]
Gold:   0          SH:  0    Dex: 15    Spells: 24/26 levels left

rFire   . . .      SeeInvis .      - Unarmed
rCold   + . .      Faith    .    (no shield)
rNeg    . . .      Spirit   .    (body armour unavailable)
rPois   .          Reflect  .    (helmet restricted)
rElec   .          Harm     .    m - +0 cloak
rCorr   .          Rampage  .    (no gloves)
Will    .....      NoTele   +    (no boots)
Stlth   ..........               (no amulet)
HPRegen 0.30/turn                k - +3 ring of protection
MPRegen 0.18/turn                l - +3 ring of protection

@: berserking, short of breath, very quick
A: breathe frost, AC +7, unfitting armour, cold resistance 1, cold-blooded
a: Breathe Frost, Renounce Religion, Channel Magic, Forget Spell, Divine
Exegesis


You were in the Dungeon.
You worshipped Sif Muna.
Sif Muna was exalted by your worship.
You visited 1 branch

Inventory:

Armour
 m - a +0 cloak (worn)
Jewellery
 k - a +3 ring of protection (left hand)
 l - a +3 ring of protection (right hand)
Scrolls
 g - a scroll of blinking
 i - 5 scrolls of amnesia
 j - a scroll of summoning
Potions
 a - a potion of ambrosia
 b - 8 potions of curing
 c - 9 potions of heal wounds
 d - 2 potions of haste
 e - 4 potions of magic
 f - 2 potions of berserk rage
 h - a potion of invisibility


   Skills:
 + Level 7.7 Fighting
 - Level 6.4 Dodging
 - Level 9.8 Stealth
 * Level 14.2 Unarmed Combat
 + Level 9.0 Spellcasting
 + Level 2.6 Transmutations
 - Level 1.2 Invocations


You had 24 spell levels left.
You knew the following spells:

 Your Spells              Type           Power      Damage    Failure   Level
a - Wereblood             Tmut           13%        N/A       6%          2

Your spell library contained the following spells:

 Spells                   Type           Power      Damage    Failure   Level
 Spider Form              Tmut/Pois      10%        N/A       21%         3
 Dazzling Flash           Conj/Hex       12%        N/A       34%         3
 Hailstorm                Conj/Ice       6%         3d4       34%         3
 Inner Flame              Hex/Fire       6%         N/A       34%         3
 Mephitic Cloud           Conj/Pois/Air  6%         N/A       34%         3
 Swiftness                Air            6%         N/A       34%         3
 Tukima's Dance           Hex            6%         N/A       34%         3
 Anguish                  Hex/Necr       3%         N/A       75%         4
 Cause Fear               Hex            3%         N/A       75%         4
 Agony                    Necr           6%         N/A       97%         5
 Arcjolt                  Conj/Air       3%         1d13      97%         5
 Eringya's Noxious Bog    Tmut/Pois      5%         N/A       100%        6
 Statue Form              Tmut/Erth      6%         N/A       100%        6
 Haunt                    Necr/Summ      3%         N/A       100%        7


Dungeon Overview and Level Annotations

Branches:
Dungeon (1/1)

Altars:
Ashenzari
Cheibriados
Dithmenos
Elyvilon
Fedhas
Gozag
Hepliaklqana
Kikubaaqudgha
Makhleb
Nemelex Xobeh
Okawaru
Qazlal
Ru
Sif Muna
Trog
Uskayaw
Vehumet
Wu Jian
Xom
Yredelemnul
Zin
The Shining One
Jiyva
Lugonu


Innate Abilities, Weirdness & Mutations

You can breathe waves of freezing cold which knock back foes.
Your icy white scales are hard. (AC +7)
You cannot fit into any form of body armour.
Your flesh is cold resistant. (rC+)
You are cold-blooded and may be slowed by cold attacks.


Message History

The molten gargoyle hits you with a +0 mace!
You are engulfed in flames!
The snapping turtle barely misses you.
Unknown command.
A red film seems to cover your vision as you go berserk!
You feel yourself moving faster!
You feel mighty!
The frilled lizard bites you but does no damage.
The molten gargoyle hits you with a +0 mace!
You are engulfed in flames!
* * * LOW HITPOINT WARNING * * *
The snapping turtle barely misses you.
You closely miss the molten gargoyle. The frilled lizard closely misses you.
The molten gargoyle barely misses you.
You punch the molten gargoyle!
The molten gargoyle is moderately damaged.
The snapping turtle bites you but does no damage.
You hit the molten gargoyle but do no damage.
You tail-slap the molten gargoyle.
The molten gargoyle is moderately damaged.
The frilled lizard barely misses you.
The molten gargoyle completely misses you.
The snapping turtle bites you from afar!
* * * LOW HITPOINT WARNING * * *
You hit the molten gargoyle.
The molten gargoyle is heavily damaged.
You punch the molten gargoyle!
The molten gargoyle is almost destroyed.
The molten gargoyle hits you with a +0 mace.
* * * LOW HITPOINT WARNING * * *
You are engulfed in flames!
* * * LOW HITPOINT WARNING * * *
The frilled lizard closely misses you. The snapping turtle closely misses you.
You hit the molten gargoyle but do no damage.
The molten gargoyle is almost destroyed.
You hit the molten gargoyle but do no damage.
You tail-slap the molten gargoyle, but do no damage.
The molten gargoyle is almost destroyed.
The frilled lizard completely misses you.
The molten gargoyle misses you.
The snapping turtle bites you from afar!!
You die...

#.......##......+..+
#...<...##.....##..##
#.......##...###....###
#.......##..##........##
#.......##''#...#..#...#
##########.........)...+
##########++#...#..#...#
...#..[[# . ##........##
...#...[# ...###@l..###
...'..))# ...t.##9.##
...#..))# #.....'t.+
...#..))# ###...'..+
######### ########


You could see a snapping turtle, a molten gargoyle and a frilled lizard.

Vanquished Creatures
  A gargoyle (D)
  2 kobold demonologists (D)
  A komodo dragon (D)
  Prince Ribbit (D)
  A wandering mushroom (D)
  A water moccasin (D)
  A floating eye (D)
  An ice beast (D)
  A swamp drake (D)
  A black bear (D)
  An ogre (D)
  2 centaurs (D)
  A kobold brigand (D)
  2 bullfrogs (D)
  3 killer bees (D)
  A hound (D)
  Jessica (D)
  An adder (D)
  A gnoll (D)
  2 river rats (D)
  A white imp (D)
  An ufetubus (D)
  An orc (D)
  An endoplasm (D)
  A giant cockroach (D)
  4 kobolds (D)
  A quokka (D)
  A ball python skeleton (D)
  A bat (D)
  A quokka simulacrum (D)
39 creatures vanquished.

Vanquished Creatures (others)
  A kobold (D)
1 creature vanquished.

Grand Total: 40 creatures vanquished

Notes
Turn   | Place    | Note
-------+----------+-------------------------------------------
     0 | D        | rocky1 the Draconian Monk began the quest for the Orb.
     0 | D        | Reached XP level 1. HP: 19/19 MP: 1/1
    21 | D        | Found a bloodstained altar of Trog.
    21 | D        | Found a shimmering blue altar of Sif Muna.
    21 | D        | Found a viscous altar of Jiyva.
    21 | D        | Found a hazy altar of Hepliaklqana.
    21 | D        | Found an opulent altar of Gozag.
    22 | D        | Found a glowing golden altar of the Shining One.
    22 | D        | Found a glowing silver altar of Zin.
    22 | D        | Found a basalt altar of Yredelemnul.
    22 | D        | Found a shimmering altar of Xom.
    22 | D        | Found an ornate altar of the Wu Jian Council.
    22 | D        | Found a sacrificial altar of Ru.
    22 | D        | Found a stormy altar of Qazlal.
    22 | D        | Found an iron altar of Okawaru.
    22 | D        | Found a sparkling altar of Nemelex Xobeh.
    22 | D        | Found a burning altar of Makhleb.
    22 | D        | Found a blossoming altar of Fedhas.
    22 | D        | Found a white marble altar of Elyvilon.
    22 | D        | Found a shadowy altar of Dithmenos.
    22 | D        | Found a snail-covered altar of Cheibriados.
    25 | D        | Found a corrupted altar of Lugonu.
    25 | D        | Found a radiant altar of Vehumet.
    26 | D        | Found an ancient bone altar of Kikubaaqudgha.
    26 | D        | Found a hide-covered altar of Uskayaw.
    26 | D        | Found a broken altar of Ashenzari.
    27 | D        | Became a worshipper of Sif Muna the Loreminder
    27 | D        | Reached * piety under Sif Muna
    27 | D        | Reached ** piety under Sif Muna
   145 | D        | Reached XP level 2. HP: 7/27 MP: 1/3
   145 | D        | Reached *** piety under Sif Muna
   146 | D        | Reached skill level 4 in Unarmed Combat
   146 | D        | Reached skill level 1 in Spellcasting
   385 | D        | Noticed Prince Ribbit
   394 | D        | Killed Prince Ribbit
   395 | D        | Reached skill level 5 in Stealth
   395 | D        | Reached skill level 8 in Unarmed Combat
   395 | D        | Reached XP level 3. HP: 10/33 MP: 5/9
   395 | D        | Reached XP level 4. HP: 12/40 MP: 5/10
   395 | D        | Reached XP level 5. HP: 14/46 MP: 6/12
   671 | D        | Noticed a water moccasin
   671 | D        | Noticed a centaur
   672 | D        | Noticed Jessica
   684 | D        | Reached **** piety under Sif Muna
   685 | D        | Reached skill level 5 in Spellcasting
   689 | D        | Killed a centaur
   690 | D        | Reached skill level 9 in Unarmed Combat
   690 | D        | Reached XP level 6. HP: 41/52 MP: 12/14
   723 | D        | Killed Jessica
   730 | D        | Reached skill level 10 in Unarmed Combat
   732 | D        | Reached ***** piety under Sif Muna
   737 | D        | Killed a water moccasin
   738 | D        | Reached skill level 11 in Unarmed Combat
   738 | D        | Your scales start taking on an icy white colour.
   738 | D        | Reached XP level 7. HP: 52/58 MP: 14/16
   738 | D        | Gained mutation: Your flesh is cold resistant. (rC+) [White
                  | Draconian growth]
   828 | D        | Received a gift from Sif Muna
   831 | D        | Got Sif Muna's Volume of Necrotic Curses {god gift}
   837 | D        | Noticed a gargoyle
   853 | D        | Killed a gargoyle
   854 | D        | Reached skill level 12 in Unarmed Combat
  1022 | D        | Reached skill level 5 in Fighting
  1022 | D        | Reached XP level 8. HP: 68/68 MP: 17/19
  1035 | D        | Reached skill level 5 in Dodging
  1244 | D        | Noticed a kobold demonologist
  1244 | D        | Noticed a kobold demonologist
  1244 | D        | Noticed a komodo dragon
  1270 | D        | Killed a komodo dragon
  1271 | D        | Reached skill level 13 in Unarmed Combat
  1279 | D        | Noticed a red devil
  1281 | D        | Killed a kobold demonologist
  1289 | D        | Killed a kobold demonologist
  1290 | D        | Reached XP level 9. HP: 30/79 MP: 21/21
  1292 | D        | Received a gift from Sif Muna
  1504 | D        | Got Sif Muna's Catalogue of the Mutated Nimbus {god gift}
  1795 | D        | Learned a level 2 spell: Wereblood
  1811 | D        | Reached skill level 1 in Transmutations
  1811 | D        | Reached skill level 1 in Invocations
  1854 | D        | Received a gift from Sif Muna
  1855 | D        | Got Sif Muna's Witchcraft in Simple Steps {god gift}
  1959 | D        | Noticed a wandering mushroom
  1977 | D        | Reached ****** piety under Sif Muna
  1978 | D        | Reached skill level 14 in Unarmed Combat
  2104 | D        | Noticed a molten gargoyle
  2124 | D        | Mangled by a snapping turtle

Illustrated notes

Levels and vault maps discovered:
D:        pitsprint [storerooms_1, entrance_room_1, metal_vault_4, armoury_1,
          mini_pit_1, grid_room_1, main_hall_1, silver_pit, the_coven_1,
          the_vestibule_1, steel_vault_1, golden_pit, hallway_of_sentries,
          crystal_vault_4, iron_vault_1, final_vault]

Skill      XL: |  1  2  3  4  5  6  7  8  9 |
---------------+----------------------------+-----
Dodging        | 3 4 6 |  6.4
Stealth        | 2 5 6 7 8 9 |  9.8
Unarmed Combat | 8 9 11 12 13 14 | 14.2
Spellcasting   | 4 5 6 7 8 9 |  9.0
Fighting       | 5 7 |  7.7
Transmutations | 2 |  2.6
Invocations    | 1 |  1.2

Action                   |  1- 3 |  4- 6 |  7- 9 || total
-------------------------+-------+-------+-------++-------
Melee: Unarmed           |    23 |    19 |   130 ||   172
       Tailslap          |     4 |     2 |    28 ||    34
       Punch             |     3 |       |     5 ||     8
 Abil: Breathe Frost     |       |       |     3 ||     3
  Use: Potion            |     3 |       |     4 ||     7
 Stab: Sleeping          |     1 |     3 |     2 ||     6
       Invisible         |       |       |     5 ||     5
Armor: Skin              |     8 |     3 |    23 ||    34
Dodge: Dodged            |    19 |    15 |    85 ||   119

Table legend: (Time is in decaauts)
 A = Elapsed time spent in this place.
 B = Non-inter-level travel time spent in this place.
 C = Inter-level travel time spent in this place.
 D = Time resting spent in this place.
 E = Time spent auto-exploring this place.
 F = Levels seen in this place.
 G = Mean time per level.
                   A        B        C        D        E       F      G
               +--------+--------+--------+--------+--------+-----+--------+
         Total |   2104 |   2045 |     59 |   1634 |      0 |   1 | 2104.0 |
       Dungeon |   2104 |   2045 |     59 |   1634 |      0 |   1 | 2104.0 |
               +--------+--------+--------+--------+--------+-----+--------+

Top non-repeatable levels by time:
       D: 2104 daAuts
